Harfangs vs Wiprows
Created - 27 novembre 2015 at 19:25
Goals
|
| Harfangs |
1 |
1 |
3 |
1 |
6 |
| Wiprows |
2 |
3 |
0 |
0 |
5 |
|
Shots
|
| Harfangs |
8 |
10 |
14 |
1 |
33 |
| Wiprows |
18 |
12 |
13 |
0 |
43 |
|
1st period
1. Harfangs , Chris Kreider 16 (Dylan Olsen) at 4:36
2. Wiprows , Kristian Huselius 3 (Éric Belanger, T.J. Oshie) at 8:00
3. Wiprows , Nick Bonino 8 (Tim Conboy, Thomas Hickey) at 14:19 (PP)
Penalties :
Reid McNeill (BEA) for Roughing (Minor) at 1:28, Peter Olvecky (BEA) for Hooking (Minor) at 14:06
2nd period
4. Wiprows , Kristian Huselius 4 (T.J. Oshie, Éric Belanger) at 8:52
5. Wiprows , Nick Bonino 9 (Tim Conboy) at 11:33
6. Harfangs , Petri Kontiola 10 (Stefan Ruzicka, Chris Kreider) at 11:49
7. Wiprows , Kristian Huselius 5 (Éric Belanger, T.J. Oshie) at 13:23
Penalties :
Kyle Palmieri (BEA) for Roughing (Minor) at 15:39
3rd period
8. Harfangs , Stefan Ruzicka 8 (Chris Kreider, James Wisniewski) at 1:42
9. Harfangs , Kyle Palmieri 10 (Brock Nelson) at 12:07 (PP)
10. Harfangs , Brock Nelson 6 (Kyle Palmieri, Reid McNeill) at 12:58
Penalties :
Tim Schaller (Win) for Roughing (Minor) at 5:13, Drayson Bowman (Win) for Tripping (Minor) at 12:03, Stefan Ruzicka (BEA) for Roughing (Minor) at 13:20, Arturs Kulda (Win) for Holding (Minor) at 13:31
Overtime #1
11. Harfangs , Chris Kreider 17 (Petri Kontiola) at 1:55
Penalties :
No Penalty
Goalie Stats
Darcy Kuemper (BEA), 38 saves from 43 shots - (0,884), W, 9-6-0, 61:55 minutes
Anders Lindback (Win), 27 saves from 33 shots - (0,818), OTL, 7-9-2, 61:55 minutes
Players Stats for Harfangs
Player Name G A P +/- PIM S H SB GA TA FO MP PP MP PK MP
------------------------------------------------------------------------------------
Andrew Orpik 0 0 0 2 0 2 2 1 1 1 0/0 17:15 0:52 2:06
Brandon Pirri 0 0 0 0 0 2 2 0 0 0 3/3 10:03 0:02 0:10
Brian Lashoff 0 0 0 1 0 0 1 3 0 1 0/0 16:56 0:00 0:00
Brock Nelson 1 1 2 0 0 2 3 0 0 1 6/16 19:20 1:03 2:00
Calle Jarnkrok 0 0 0 -1 0 0 1 0 0 1 1/3 9:52 0:00 0:00
Chris Kreider 2 2 4 2 0 5 4 3 0 0 0/1 22:17 1:09 2:11
Dustin Jeffrey 0 0 0 0 0 1 1 3 0 0 0/0 9:36 0:00 0:00
Dylan Olsen 0 1 1 4 0 1 1 1 0 3 0/0 28:19 0:52 2:06
Emerson Etem 0 0 0 0 0 2 0 3 0 0 0/0 9:36 0:00 0:00
James Wisniewski 0 1 1 -2 0 3 1 1 3 1 0/0 27:44 1:22 2:16
Kyle Palmieri 1 1 2 0 2 5 6 0 0 1 1/1 15:55 1:03 0:00
Mike Hoffman 0 0 0 -1 0 1 0 0 0 0 0/1 11:42 0:02 0:00
Peter Olvecky 0 0 0 -1 2 1 1 0 0 0 0/0 12:43 0:02 2:00
Petri Kontiola 1 1 2 2 0 1 1 0 0 0 17/37 22:02 1:09 2:12
Reid McNeill 0 1 1 1 2 0 0 0 0 0 0/0 17:24 0:00 0:00
Stefan Ruzicka 1 1 2 1 2 6 0 1 0 0 1/2 17:55 1:09 0:00
Tomas Tatar 0 0 0 0 0 1 1 1 0 0 0/1 16:07 1:03 0:11
Victor Bartley 0 0 0 -4 0 0 0 2 0 0 0/0 16:40 1:22 2:16
Players Stats for Wiprows
Player Name G A P +/- PIM S H SB GA TA FO MP PP MP PK MP
------------------------------------------------------------------------------------
Arturs Kulda 0 0 0 -1 2 0 0 2 0 1 0/0 25:21 2:57 1:15
Austin Madaisky 0 0 0 0 0 0 0 0 0 0 0/0 5:43 0:00 0:00
Brandon Bollig 0 0 0 -2 0 1 4 0 0 0 0/1 16:05 2:22 0:00
Cade Fairchild 0 0 0 1 0 1 1 1 0 0 0/0 11:12 0:00 0:11
Drayson Bowman 0 0 0 0 2 5 0 0 2 0 2/2 12:39 0:03 0:05
Éric Belanger 0 3 3 2 0 3 1 1 1 0 17/28 21:42 1:56 1:04
Gord Baldwin 0 0 0 -1 0 1 1 1 0 0 0/0 18:49 1:24 0:48
Jonathan Tremblay 0 0 0 0 0 2 2 0 1 0 1/1 12:41 0:04 0:05
Jordan Szwarz 0 0 0 0 0 0 0 0 0 0 0/0 0:20 0:03 0:00
Justin Shugg 0 0 0 0 0 0 0 0 0 0 0/0 0:00 0:00 0:00
Kris Foucault 0 0 0 0 0 0 0 0 0 0 0/0 1:08 0:00 0:39
Kristian Huselius 3 0 3 1 0 4 1 0 1 2 0/2 20:52 1:57 0:26
Linden Vey 0 0 0 0 0 1 0 0 0 0 0/0 8:23 0:00 0:00
Matt Bartkowski 0 0 0 0 0 1 2 0 0 0 0/0 5:43 0:00 0:00
Matt Beleskey 0 0 0 0 0 4 1 0 1 0 0/0 8:23 0:00 0:00
Matt Donovan 0 0 0 -1 0 3 1 3 0 0 0/0 18:49 1:24 0:48
Maxime Macenauer 0 0 0 0 0 3 0 1 0 0 0/4 12:44 0:00 0:30
Michael Chaput 0 0 0 0 0 0 0 0 0 0 0/0 0:09 0:00 0:09
Nick Bonino 2 0 2 -2 0 4 3 0 0 0 10/18 16:05 2:22 0:00
Oliver Lauridsen 0 0 0 1 0 0 4 0 0 0 0/0 11:19 0:00 0:00
T.J. Oshie 0 3 3 2 0 4 3 0 0 1 1/2 21:43 1:57 1:04
Thomas Hickey 0 1 1 -1 0 0 3 2 2 0 0/0 26:58 2:58 1:26
Tim Conboy 0 2 2 -3 0 5 1 1 1 0 2/2 18:01 2:22 0:26
Tim Schaller 0 0 0 0 2 1 1 0 0 0 3/5 8:46 0:00 0:00
3 Stars
1 - Chris Kreider (BEA)
2 - Kristian Huselius (Win)
3 - T.J. Oshie (Win)
Power Play
Harfangs - 1 on 3 Attempt(s) - 33,33%
Wiprows - 1 on 4 Attempt(s) - 25,00%
Penalty Kill
Harfangs - 3 on 4 Attempt(s) - 75,00%
- Score 0 goal in Penalty Kill
Wiprows - 2 on 3 Attempt(s) - 66,67%
- Score 0 goal in Penalty Kill
Team Stat
Harfangs - Hits : 25 - Faceoff Wins : 29 - Blocked Shots : 19 - Penalty Minutes : 8
Wiprows - Hits : 29 - Faceoff Wins : 36 - Blocked Shots : 12 - Penalty Minutes : 6
Official
Referees : Hasenfratz Mike and L'Ecuyer Frederick
Linesman : Derek Nansen and Steve Miller
Game Notes
Kristian Huselius has scored a Hat Trick!
Emerson Etem is injured at 17:24 of 3rd period (Head)
Finance
Level 1 -- Attendance: 1515 (75,75%) -- Ticket Income 45 450 $
Level 2 -- Attendance: 731 (73,10%) -- Ticket Income 10 965 $
Total Attendance: 2246 (74,87%)
Total Ticket Income: 56 415 $
Other Income: 2 821 $
Total Income: 59 236 $
Harfangs
5 vs 5 Forward
Center Left Wing Right Wing Time % Phy DF OF
1 Petri Kontiola Chris Kreider Stefan Ruzicka 40 1 2 2
2 Brock Nelson Tomas Tatar Kyle Palmieri 30 1 2 2
3 Calle Jarnkrok Peter Olvecky Mike Hoffman 15 1 2 2
4 Brandon Pirri Dustin Jeffrey Emerson Etem 15 1 2 2
5 vs 5 Defense
Defense Defense Time % Phy DF OF
1 James Wisniewski Victor Bartley 25 1 2 2
2 Andrew Orpik Dylan Olsen 25 1 2 2
3 Brian Lashoff Reid McNeill 25 1 2 2
4 James Wisniewski Dylan Olsen 25 1 2 2
PowerPlay Forward
Center Left Wing Right Wing Time % Phy DF OF
1 Petri Kontiola Chris Kreider Stefan Ruzicka 50 1 2 2
2 Brock Nelson Tomas Tatar Kyle Palmieri 50 1 2 2
PowerPlay Defense
Defense Defense Time % Phy DF OF
1 James Wisniewski Victor Bartley 50 1 2 2
2 Andrew Orpik Dylan Olsen 50 1 2 2
Penalty Kill 4 Players Forward
Center Wing Time % Phy DF OF
1 Petri Kontiola Chris Kreider 50 1 2 2
2 Brock Nelson Peter Olvecky 50 1 2 2
Penalty Kill 4 Players Defense
Defense Defense Time % Phy DF OF
1 James Wisniewski Victor Bartley 50 1 2 2
2 Andrew Orpik Dylan Olsen 50 1 2 2
Penalty Kill - 3 Players Forward
Forward Time % Phy DF OF
1 Petri Kontiola 50 1 2 2
2 Brock Nelson 50 1 2 2
Penalty Kill - 3 Players Defense
Defense Defense Time % Phy DF OF
1 James Wisniewski Victor Bartley 50 1 2 2
2 Andrew Orpik Dylan Olsen 50 1 2 2
4 vs 4 Forward
Center Wing Time % Phy DF OF
1 Petri Kontiola Chris Kreider 50 1 2 2
2 Brock Nelson Mike Hoffman 50 1 2 2
4 vs 4 Defense
Defense Defense Time % Phy DF OF
1 James Wisniewski Victor Bartley 50 1 2 2
2 Andrew Orpik Dylan Olsen 50 1 2 2
Last Minutes Offensive
Center Left Wing Right Wing Defense Defense
Petri Kontiola Chris Kreider Stefan Ruzicka James Wisniewski Victor Bartley
Last Minutes Defensive
Center Left Wing Right Wing Defense Defense
Petri Kontiola Chris Kreider Stefan Ruzicka Brian Lashoff James Wisniewski
Goaltenders
Starting : Darcy Kuemper
Backup : Jeremy Duchesne
Extra Forwards
Normal : Stefan Ruzicka, Chris Kreider, Brock Nelson - PP : Chris Kreider, Stefan Ruzicka - PK : Chris Kreider
Extra Defensemen
Normal : James Wisniewski, Victor Bartley, Andrew Orpik - PP : Victor Bartley - PK : James Wisniewski, Andrew Orpik
Penalty Shots
Tomas Tatar, Petri Kontiola, Dustin Jeffrey, Kyle Palmieri, Peter Olvecky
Wiprows
5 vs 5 Forward
Center Left Wing Right Wing Time % Phy DF OF
1 Éric Belanger Kristian Huselius T.J. Oshie 40 1 2 2
2 Nick Bonino Brandon Bollig Tim Conboy 30 1 2 2
3 Maxime Macenauer Drayson Bowman Jonathan Tremblay 20 1 2 2
4 Tim Schaller Matt Beleskey Linden Vey 10 1 2 2
5 vs 5 Defense
Defense Defense Time % Phy DF OF
1 Arturs Kulda Thomas Hickey 40 1 2 2
2 Gord Baldwin Matt Donovan 30 1 2 2
3 Oliver Lauridsen Cade Fairchild 20 1 2 2
4 Matt Bartkowski Austin Madaisky 10 1 2 2
PowerPlay Forward
Center Left Wing Right Wing Time % Phy DF OF
1 Éric Belanger Kristian Huselius T.J. Oshie 60 1 2 2
2 Nick Bonino Brandon Bollig Tim Conboy 40 1 2 2
PowerPlay Defense
Defense Defense Time % Phy DF OF
1 Arturs Kulda Thomas Hickey 60 1 2 2
2 Gord Baldwin Matt Donovan 40 1 2 2
Penalty Kill 4 Players Forward
Center Wing Time % Phy DF OF
1 Éric Belanger T.J. Oshie 60 1 2 2
2 Kristian Huselius Tim Conboy 40 1 2 2
Penalty Kill 4 Players Defense
Defense Defense Time % Phy DF OF
1 Arturs Kulda Thomas Hickey 60 1 2 2
2 Gord Baldwin Matt Donovan 40 1 2 2
Penalty Kill - 3 Players Forward
Forward Time % Phy DF OF
1 Éric Belanger 60 1 2 2
2 T.J. Oshie 40 1 2 2
Penalty Kill - 3 Players Defense
Defense Defense Time % Phy DF OF
1 Arturs Kulda Thomas Hickey 60 1 2 2
2 Gord Baldwin Matt Donovan 40 1 2 2
4 vs 4 Forward
Center Wing Time % Phy DF OF
1 Éric Belanger T.J. Oshie 60 1 2 2
2 Kristian Huselius Tim Conboy 40 1 2 2
4 vs 4 Defense
Defense Defense Time % Phy DF OF
1 Arturs Kulda Thomas Hickey 60 1 2 2
2 Gord Baldwin Matt Donovan 40 1 2 2
Last Minutes Offensive
Center Left Wing Right Wing Defense Defense
Éric Belanger Kristian Huselius T.J. Oshie Arturs Kulda Thomas Hickey
Last Minutes Defensive
Center Left Wing Right Wing Defense Defense
Éric Belanger Kristian Huselius T.J. Oshie Arturs Kulda Thomas Hickey
Goaltenders
Starting : Anders Lindback
Backup : Calvin Pickard
Extra Forwards
Normal : Jonathan Tremblay, Drayson Bowman, Maxime Macenauer - PP : Jonathan Tremblay, Drayson Bowman - PK : Maxime Macenauer
Extra Defensemen
Normal : Oliver Lauridsen, Cade Fairchild, Matt Bartkowski - PP : Oliver Lauridsen - PK : Cade Fairchild, Matt Bartkowski
Penalty Shots
Éric Belanger, T.J. Oshie, Kristian Huselius, Tim Conboy, Jonathan Tremblay
% Time on Ice - Harfangs
Lines # - Real PCT - Wanted PCT - Time Play
Normal Forward
1 - 31% - 40% - 16:09
2 - 31% - 30% - 15:59
3 - 19% - 15% - 9:52
4 - 19% - 15% - 9:36
Normal Defense
1 - 22% - 25% - 11:30
2 - 23% - 25% - 12:06
3 - 33% - 25% - 16:56
4 - 21% - 25% - 11:04
PP Forward
1 - 51% - 50% - 1:09
2 - 49% - 50% - 1:05
PP Defense
1 - 61% - 50% - 1:22
2 - 39% - 50% - 0:52
PK Forward
1 - 52% - 50% - 2:15
2 - 48% - 50% - 2:07
PK Defense
1 - 52% - 50% - 2:16
2 - 48% - 50% - 2:06
PK3 Forward
1 - 0% - 50%
2 - 0% - 50%
PK3 Defense
1 - 0% - 50%
2 - 0% - 50%
44 Forward
1 - 68% - 50% - 2:32
2 - 32% - 50% - 1:11
44 Defense
1 - 41% - 50% - 1:32
2 - 59% - 50% - 2:11
Last Minute Offensive - 0:00
Last Minute Defensive - 0:00
Total
Forward - 61:55
Defense - 61:55
|
% Time on Ice - Wiprows
Lines # - Real PCT - Wanted PCT - Time Play
Normal Forward
1 - 34% - 40% - 17:45
2 - 27% - 30% - 13:43
3 - 23% - 20% - 11:45
4 - 16% - 10% - 8:23
Normal Defense
1 - 40% - 40% - 20:29
2 - 29% - 30% - 14:59
3 - 20% - 20% - 10:25
4 - 11% - 10% - 5:43
PP Forward
1 - 46% - 60% - 2:00
2 - 54% - 40% - 2:22
PP Defense
1 - 68% - 60% - 2:58
2 - 32% - 40% - 1:24
PK Forward
1 - 81% - 60% - 1:48
2 - 19% - 40% - 0:26
PK Defense
1 - 64% - 60% - 1:26
2 - 36% - 40% - 0:48
PK3 Forward
1 - 0% - 60%
2 - 0% - 40%
PK3 Defense
1 - 0% - 60%
2 - 0% - 40%
44 Forward
1 - 60% - 60% - 2:13
2 - 40% - 40% - 1:30
44 Defense
1 - 56% - 60% - 2:05
2 - 44% - 40% - 1:38
Last Minute Offensive - 0:00
Last Minute Defensive - 0:00
Total
Forward - 61:55
Defense - 61:55
|
Play by Play
1st period
0:01 of 1st period - Éric Belanger wins face-off versus Petri Kontiola in neutral zone.
0:30 of 1st period - Wrist shot by Tim Conboy.
0:30 of 1st period - Stopped by Darcy Kuemper without a rebound.
0:31 of 1st period - Nick Bonino wins face-off versus Brock Nelson in Harfangs zone.
0:34 of 1st period - Snap shot by Nick Bonino.
0:34 of 1st period - Stopped by Darcy Kuemper without a rebound.
0:35 of 1st period - Calle Jarnkrok wins face-off versus Nick Bonino in Harfangs zone.
1:00 of 1st period - Wrist shot by Tim Conboy.
1:00 of 1st period - Shot Blocked by Andrew Orpik.
1:20 of 1st period - Wrist shot by Nick Bonino.
1:20 of 1st period - Shot Misses the Net.
1:22 of 1st period - Wrist shot by Matt Bartkowski.
1:22 of 1st period - Stopped by Darcy Kuemper with a rebound.
1:24 of 1st period - Wrist shot by Nick Bonino.
1:24 of 1st period - Deflect By Tim Conboy.
1:24 of 1st period - Shot Misses the Net.
1:24 of 1st period - Puck is out of play.
1:25 of 1st period - Brandon Pirri wins face-off versus Maxime Macenauer in Harfangs zone.
1:25 of 1st period - Brandon Pirri is hit by Jonathan Tremblay.
1:28 of 1st period - Minor Penalty to Reid McNeill for Roughing.
1:29 of 1st period - Petri Kontiola wins face-off versus Éric Belanger in Harfangs zone.
1:37 of 1st period - Victor Bartley is hit by T.J. Oshie and loses puck.
1:54 of 1st period - Arturs Kulda is hit by Chris Kreider and loses puck.
3:00 of 1st period - Wrist shot by Tim Conboy.
3:00 of 1st period - Deflect By Nick Bonino.
3:00 of 1st period - Shot Misses the Net.
3:00 of 1st period - Puck is out of play.
3:01 of 1st period - Éric Belanger wins face-off versus Petri Kontiola in Harfangs zone.
3:28 of 1st period - Penalty to Reid McNeill is over, Reid McNeill is back on ice.
3:37 of 1st period - Snap shot by Brock Nelson.
3:37 of 1st period - Shot Misses the Net.
4:02 of 1st period - Slapshot by James Wisniewski.
4:02 of 1st period - Stopped by Anders Lindback without a rebound.
4:03 of 1st period - Brandon Pirri wins face-off versus Tim Schaller in Wiprows zone.
4:14 of 1st period - Backhand shot by Dustin Jeffrey.
4:14 of 1st period - Shot Blocked by Cade Fairchild.
4:16 of 1st period - Wrist shot by Brian Lashoff.
4:16 of 1st period - Shot Misses the Net.
4:18 of 1st period - Slapshot by Dustin Jeffrey.
4:18 of 1st period - Stopped by Anders Lindback with a rebound.
4:30 of 1st period - Slapshot by T.J. Oshie.
4:30 of 1st period - Shot Blocked by Stefan Ruzicka.
4:36 of 1st period - Snap shot by Chris Kreider.
4:36 of 1st period - Goal by Chris Kreider - Harfangs : 1 - Wiprows : 0.
4:37 of 1st period - Éric Belanger wins face-off versus Petri Kontiola in neutral zone.
5:02 of 1st period - James Wisniewski is hit by Jonathan Tremblay and loses puck.
6:03 of 1st period - Icing by Petri Kontiola.
6:04 of 1st period - Brandon Pirri wins face-off versus Tim Schaller in Harfangs zone.
6:04 of 1st period - Brandon Pirri is hit by Matt Bartkowski.
6:14 of 1st period - Slapshot by Linden Vey.
6:14 of 1st period - Shot Blocked by Brian Lashoff.
6:16 of 1st period - Slapshot by Matt Bartkowski.
6:16 of 1st period - Shot Blocked by Emerson Etem.
6:29 of 1st period - Off-side.
6:30 of 1st period - Éric Belanger wins face-off versus Petri Kontiola in neutral zone.
7:00 of 1st period - Tim Conboy is hit by Kyle Palmieri and loses puck.
7:26 of 1st period - Slapshot by Matt Donovan.
7:26 of 1st period - Shot Blocked by Brian Lashoff.
7:28 of 1st period - Slapshot by Matt Beleskey.
7:28 of 1st period - Shot Blocked by Dustin Jeffrey.
7:30 of 1st period - Slapshot by Gord Baldwin.
7:30 of 1st period - Stopped by Darcy Kuemper with a rebound.
7:32 of 1st period - Snap shot by Tim Schaller.
7:32 of 1st period - Stopped by Darcy Kuemper with a rebound.
7:44 of 1st period - Icing by T.J. Oshie.
7:45 of 1st period - Éric Belanger wins face-off versus Mike Hoffman in Wiprows zone.
7:56 of 1st period - Wrist shot by Éric Belanger.
7:56 of 1st period - Shot Misses the Net.
7:58 of 1st period - Snap shot by Éric Belanger.
7:58 of 1st period - Stopped by Darcy Kuemper with a rebound.
8:00 of 1st period - Slapshot by Kristian Huselius.
8:00 of 1st period - Goal by Kristian Huselius - Harfangs : 1 - Wiprows : 1.
8:01 of 1st period - Petri Kontiola wins face-off versus Kristian Huselius in neutral zone.
8:26 of 1st period - Drayson Bowman is hit by Brock Nelson and loses puck.
8:53 of 1st period - Slapshot by Brandon Pirri.
8:53 of 1st period - Shot Blocked by Matt Donovan.
9:01 of 1st period - Slapshot by Tim Conboy.
9:01 of 1st period - Shot Blocked by Dustin Jeffrey.
9:15 of 1st period - Wrist shot by Chris Kreider.
9:15 of 1st period - Stopped by Anders Lindback with a rebound.
9:37 of 1st period - Slapshot by Peter Olvecky.
9:37 of 1st period - Stopped by Anders Lindback with a rebound.
10:16 of 1st period - James Wisniewski is hit by Brandon Bollig and loses puck.
10:31 of 1st period - Wrist shot by Stefan Ruzicka.
10:31 of 1st period - Stopped by Anders Lindback without a rebound.
10:32 of 1st period - Petri Kontiola wins face-off versus Éric Belanger in Wiprows zone.
10:33 of 1st period - Wrist shot by Stefan Ruzicka.
10:33 of 1st period - Stopped by Anders Lindback without a rebound.
10:34 of 1st period - Petri Kontiola wins face-off versus Éric Belanger in Wiprows zone.
10:56 of 1st period - Icing by Arturs Kulda.
10:57 of 1st period - Brock Nelson wins face-off versus Brandon Bollig in Wiprows zone.
11:04 of 1st period - Arturs Kulda is hit by Kyle Palmieri and loses puck.
11:33 of 1st period - Icing by T.J. Oshie.
11:34 of 1st period - T.J. Oshie wins face-off versus Petri Kontiola in Wiprows zone.
12:03 of 1st period - Wrist shot by T.J. Oshie.
12:03 of 1st period - Stopped by Darcy Kuemper with a rebound.
12:05 of 1st period - Slapshot by Éric Belanger.
12:05 of 1st period - Stopped by Darcy Kuemper with a rebound.
12:07 of 1st period - Snap shot by Cade Fairchild.
12:07 of 1st period - Stopped by Darcy Kuemper with a rebound.
12:59 of 1st period - Wrist shot by T.J. Oshie.
12:59 of 1st period - Shot Misses the Net.
13:01 of 1st period - Wrist shot by Kristian Huselius.
13:01 of 1st period - Shot Blocked by Tomas Tatar.
13:26 of 1st period - Snap shot by T.J. Oshie.
13:26 of 1st period - Stopped by Darcy Kuemper with a rebound.
13:28 of 1st period - Wrist shot by Éric Belanger.
13:28 of 1st period - Deflect By Kristian Huselius.
13:28 of 1st period - Shot Blocked by Brian Lashoff.
13:28 of 1st period - Puck is out of play.
13:29 of 1st period - Nick Bonino wins face-off versus Stefan Ruzicka in Harfangs zone.
13:38 of 1st period - Wrist shot by Nick Bonino.
13:38 of 1st period - Stopped by Darcy Kuemper with a rebound.
13:56 of 1st period - James Wisniewski is hit by Thomas Hickey and loses puck.
14:06 of 1st period - Minor Penalty to Peter Olvecky for Hooking.
14:07 of 1st period - Nick Bonino wins face-off versus Petri Kontiola in Harfangs zone.
14:17 of 1st period - Slapshot by Thomas Hickey.
14:17 of 1st period - Shot Misses the Net.
14:19 of 1st period - Wrist shot by Tim Conboy.
14:19 of 1st period - Deflect By Nick Bonino.
14:19 of 1st period - Goal by Nick Bonino - Harfangs : 1 - Wiprows : 2.
14:20 of 1st period - Petri Kontiola wins face-off versus Nick Bonino in neutral zone.
14:31 of 1st period - Slapshot by Chris Kreider.
14:31 of 1st period - Stopped by Anders Lindback without a rebound.
14:32 of 1st period - Petri Kontiola wins face-off versus Maxime Macenauer in Wiprows zone.
14:59 of 1st period - Brock Nelson is hit by Brandon Bollig and loses puck.
15:08 of 1st period - Snap shot by Tim Conboy.
15:08 of 1st period - Stopped by Darcy Kuemper with a rebound.
16:44 of 1st period - Snap shot by Jonathan Tremblay.
16:44 of 1st period - Stopped by Darcy Kuemper with a rebound.
17:00 of 1st period - Wrist shot by Drayson Bowman.
17:00 of 1st period - Shot Misses the Net.
17:12 of 1st period - Snap shot by Drayson Bowman.
17:12 of 1st period - Shot Misses the Net.
17:14 of 1st period - Snap shot by Maxime Macenauer.
17:14 of 1st period - Shot Misses the Net.
17:22 of 1st period - Snap shot by Drayson Bowman.
17:22 of 1st period - Stopped by Darcy Kuemper with a rebound.
17:24 of 1st period - Snap shot by Jonathan Tremblay.
17:24 of 1st period - Shot Misses the Net.
17:34 of 1st period - Snap shot by Drayson Bowman.
17:34 of 1st period - Stopped by Darcy Kuemper with a rebound.
17:36 of 1st period - Snap shot by Maxime Macenauer.
17:36 of 1st period - Stopped by Darcy Kuemper without a rebound.
17:37 of 1st period - Tim Conboy wins face-off versus Petri Kontiola in Harfangs zone.
17:38 of 1st period - Snap shot by Nick Bonino.
17:38 of 1st period - Shot Misses the Net.
18:09 of 1st period - Éric Belanger is hit by Kyle Palmieri and loses puck.
18:28 of 1st period - Gord Baldwin is hit by James Wisniewski and loses puck.
18:37 of 1st period - Snap shot by Dustin Jeffrey.
18:37 of 1st period - Shot Misses the Net.
19:07 of 1st period - Wrist shot by Chris Kreider.
19:07 of 1st period - Shot Misses the Net.
19:09 of 1st period - Snap shot by Stefan Ruzicka.
19:09 of 1st period - Deflect By Petri Kontiola.
19:09 of 1st period - Shot Blocked by Éric Belanger.
19:09 of 1st period - Puck is out of play.
19:10 of 1st period - Éric Belanger wins face-off versus Petri Kontiola in Wiprows zone.
19:35 of 1st period - T.J. Oshie is hit by Brandon Pirri and loses puck.
Goals for this period are 1 for Harfangs vs 2 for Wiprows.
Shots for this period are 8 for Harfangs vs 18 for Wiprows.
2nd period
0:01 of 2nd period - Petri Kontiola wins face-off versus Nick Bonino in neutral zone.
0:12 of 2nd period - Snap shot by Stefan Ruzicka.
0:12 of 2nd period - Deflect By Nick Bonino.
0:12 of 2nd period - Shot Misses the Net.
0:12 of 2nd period - Puck is out of play.
0:13 of 2nd period - Petri Kontiola wins face-off versus Éric Belanger in Wiprows zone.
0:38 of 2nd period - James Wisniewski is hit by Brandon Bollig and loses puck.
0:47 of 2nd period - Snap shot by Tim Conboy.
0:47 of 2nd period - Shot Misses the Net.
2:07 of 2nd period - Matt Donovan is hit by Andrew Orpik.
2:23 of 2nd period - Oliver Lauridsen is hit by Dustin Jeffrey and loses puck.
2:50 of 2nd period - Wrist shot by Linden Vey.
2:50 of 2nd period - Stopped by Darcy Kuemper with a rebound.
4:10 of 2nd period - Wrist shot by Kristian Huselius.
4:10 of 2nd period - Stopped by Darcy Kuemper without a rebound.
4:11 of 2nd period - Éric Belanger wins face-off versus Brock Nelson in Harfangs zone.
4:12 of 2nd period - Wrist shot by T.J. Oshie.
4:12 of 2nd period - Shot Misses the Net.
4:14 of 2nd period - Wrist shot by T.J. Oshie.
4:14 of 2nd period - Shot Misses the Net.
4:41 of 2nd period - Stefan Ruzicka is hit by Nick Bonino and loses puck.
4:46 of 2nd period - Snap shot by Tim Conboy.
4:46 of 2nd period - Stopped by Darcy Kuemper with a rebound.
5:25 of 2nd period - Peter Olvecky is hit by Tim Schaller and loses puck.
5:40 of 2nd period - Éric Belanger is hit by Kyle Palmieri and loses puck.
5:47 of 2nd period - Snap shot by Tomas Tatar.
5:47 of 2nd period - Shot Blocked by Thomas Hickey.
5:49 of 2nd period - Slapshot by James Wisniewski.
5:49 of 2nd period - Stopped by Anders Lindback without a rebound.
5:50 of 2nd period - Nick Bonino wins face-off versus Chris Kreider in Wiprows zone.
6:15 of 2nd period - Andrew Orpik is hit by Kristian Huselius and loses puck.
6:42 of 2nd period - Dustin Jeffrey is hit by Oliver Lauridsen and loses puck.
7:07 of 2nd period - Slapshot by Matt Beleskey.
7:07 of 2nd period - Stopped by Darcy Kuemper without a rebound.
7:08 of 2nd period - Éric Belanger wins face-off versus Petri Kontiola in Harfangs zone.
7:35 of 2nd period - Wrist shot by Éric Belanger.
7:35 of 2nd period - Shot Misses the Net.
7:57 of 2nd period - Wrist shot by Dustin Jeffrey.
7:57 of 2nd period - Deflect By Brandon Pirri.
7:57 of 2nd period - Stopped by Anders Lindback with a rebound.
7:59 of 2nd period - Snap shot by Brian Lashoff.
7:59 of 2nd period - Shot Blocked by Matt Donovan.
8:01 of 2nd period - Slapshot by Brandon Pirri.
8:01 of 2nd period - Shot Misses the Net.
8:04 of 2nd period - Icing by Gord Baldwin.
8:05 of 2nd period - Drayson Bowman wins face-off versus Petri Kontiola in Wiprows zone.
8:48 of 2nd period - Slapshot by Drayson Bowman.
8:48 of 2nd period - Stopped by Darcy Kuemper without a rebound.
8:49 of 2nd period - Éric Belanger wins face-off versus Brock Nelson in Harfangs zone.
8:50 of 2nd period - Wrist shot by T.J. Oshie.
8:50 of 2nd period - Shot Misses the Net.
8:52 of 2nd period - Snap shot by Kristian Huselius.
8:52 of 2nd period - Goal by Kristian Huselius - Harfangs : 1 - Wiprows : 3.
8:53 of 2nd period - Petri Kontiola wins face-off versus Éric Belanger in neutral zone.
9:04 of 2nd period - James Wisniewski is hit by Thomas Hickey and loses puck.
9:23 of 2nd period - Slapshot by Brandon Pirri.
9:23 of 2nd period - Stopped by Anders Lindback with a rebound.
10:17 of 2nd period - Slapshot by Emerson Etem.
10:17 of 2nd period - Shot Blocked by Thomas Hickey.
10:19 of 2nd period - Slapshot by Brian Lashoff.
10:19 of 2nd period - Deflect By Emerson Etem.
10:19 of 2nd period - Stopped by Anders Lindback with a rebound.
10:21 of 2nd period - Snap shot by Emerson Etem.
10:21 of 2nd period - Stopped by Anders Lindback without a rebound.
10:22 of 2nd period - Nick Bonino wins face-off versus Petri Kontiola in Wiprows zone.
10:26 of 2nd period - Icing by Nick Bonino.
10:27 of 2nd period - Petri Kontiola wins face-off versus Nick Bonino in Wiprows zone.
10:30 of 2nd period - Slapshot by Stefan Ruzicka.
10:30 of 2nd period - Shot Misses the Net.
10:43 of 2nd period - Snap shot by Tim Conboy.
10:43 of 2nd period - Shot Misses the Net.
10:55 of 2nd period - Slapshot by James Wisniewski.
10:55 of 2nd period - Shot Blocked by Matt Donovan.
10:57 of 2nd period - Slapshot by Dylan Olsen.
10:57 of 2nd period - Shot Misses the Net.
10:59 of 2nd period - Slapshot by James Wisniewski.
10:59 of 2nd period - Shot Misses the Net.
11:01 of 2nd period - Slapshot by James Wisniewski.
11:01 of 2nd period - Shot Misses the Net.
11:21 of 2nd period - Wrist shot by Matt Beleskey.
11:21 of 2nd period - Stopped by Darcy Kuemper without a rebound.
11:22 of 2nd period - Petri Kontiola wins face-off versus Nick Bonino in Harfangs zone.
11:29 of 2nd period - Wrist shot by Nick Bonino.
11:29 of 2nd period - Shot Blocked by Victor Bartley.
11:31 of 2nd period - Slapshot by Nick Bonino.
11:31 of 2nd period - Shot Blocked by James Wisniewski.
11:33 of 2nd period - Wrist shot by Nick Bonino.
11:33 of 2nd period - Goal by Nick Bonino - Harfangs : 1 - Wiprows : 4.
11:34 of 2nd period - Tim Conboy wins face-off versus Petri Kontiola in neutral zone.
11:45 of 2nd period - Wrist shot by Stefan Ruzicka.
11:45 of 2nd period - Stopped by Anders Lindback with a rebound.
11:47 of 2nd period - Slapshot by Petri Kontiola.
11:47 of 2nd period - Shot Misses the Net.
11:49 of 2nd period - Snap shot by Petri Kontiola.
11:49 of 2nd period - Goal by Petri Kontiola - Harfangs : 2 - Wiprows : 4.
11:50 of 2nd period - Petri Kontiola wins face-off versus Éric Belanger in neutral zone.
11:57 of 2nd period - Wrist shot by Chris Kreider.
11:57 of 2nd period - Shot Hit the Post.
12:24 of 2nd period - Snap shot by Kyle Palmieri.
12:24 of 2nd period - Stopped by Anders Lindback with a rebound.
12:38 of 2nd period - Jonathan Tremblay is hit by Calle Jarnkrok and loses puck.
12:57 of 2nd period - Dustin Jeffrey is hit by Oliver Lauridsen and loses puck.
13:04 of 2nd period - Tim Schaller is hit by Brandon Pirri.
13:19 of 2nd period - Snap shot by Éric Belanger.
13:19 of 2nd period - Stopped by Darcy Kuemper with a rebound.
13:21 of 2nd period - Slapshot by Kristian Huselius.
13:21 of 2nd period - Shot Misses the Net.
13:23 of 2nd period - Slapshot by Kristian Huselius.
13:23 of 2nd period - Goal by Kristian Huselius - Harfangs : 2 - Wiprows : 5.
13:24 of 2nd period - Nick Bonino wins face-off versus Petri Kontiola in neutral zone.
13:46 of 2nd period - Icing by Gord Baldwin.
13:47 of 2nd period - Nick Bonino wins face-off versus Brock Nelson in Wiprows zone.
13:47 of 2nd period - Nick Bonino is hit by Kyle Palmieri.
14:32 of 2nd period - Backhand shot by Linden Vey.
14:32 of 2nd period - Shot Misses the Net.
14:34 of 2nd period - Snap shot by Cade Fairchild.
14:34 of 2nd period - Shot Blocked by Chris Kreider.
14:40 of 2nd period - Wrist shot by Matt Beleskey.
14:40 of 2nd period - Stopped by Darcy Kuemper with a rebound.
14:44 of 2nd period - Snap shot by Linden Vey.
14:44 of 2nd period - Shot Misses the Net.
14:56 of 2nd period - Wrist shot by Tim Conboy.
14:56 of 2nd period - Stopped by Darcy Kuemper with a rebound.
15:01 of 2nd period - Off-side.
15:02 of 2nd period - Kyle Palmieri wins face-off versus Éric Belanger in neutral zone.
15:13 of 2nd period - Wrist shot by Kyle Palmieri.
15:13 of 2nd period - Stopped by Anders Lindback without a rebound.
15:14 of 2nd period - Brock Nelson wins face-off versus Éric Belanger in Wiprows zone.
15:39 of 2nd period - Minor Penalty to Kyle Palmieri for Roughing.
15:40 of 2nd period - Éric Belanger wins face-off versus Brock Nelson in Harfangs zone.
16:05 of 2nd period - Andrew Orpik is hit by Nick Bonino and loses puck.
17:39 of 2nd period - Penalty to Kyle Palmieri is over, Kyle Palmieri is back on ice.
18:12 of 2nd period - Icing by Linden Vey.
18:13 of 2nd period - Tim Schaller wins face-off versus Brock Nelson in Wiprows zone.
18:20 of 2nd period - Andrew Orpik is hit by Matt Beleskey and loses puck.
18:36 of 2nd period - Gord Baldwin is hit by Tomas Tatar and loses puck.
19:14 of 2nd period - Snap shot by Kyle Palmieri.
19:14 of 2nd period - Stopped by Anders Lindback with a rebound.
19:17 of 2nd period - Icing by Linden Vey.
19:18 of 2nd period - Tim Schaller wins face-off versus Petri Kontiola in Wiprows zone.
Goals for this period are 1 for Harfangs vs 3 for Wiprows.
Shots for this period are 10 for Harfangs vs 12 for Wiprows.
3rd period
0:01 of 3rd period - Nick Bonino wins face-off versus Petri Kontiola in neutral zone.
0:12 of 3rd period - Stefan Ruzicka is hit by Nick Bonino and loses puck.
0:25 of 3rd period - Éric Belanger is hit by Kyle Palmieri and loses puck.
1:07 of 3rd period - Cade Fairchild is hit by Brian Lashoff and loses puck.
1:20 of 3rd period - Slapshot by Drayson Bowman.
1:20 of 3rd period - Shot Blocked by Emerson Etem.
1:22 of 3rd period - Snap shot by Jonathan Tremblay.
1:22 of 3rd period - Shot Misses the Net.
1:24 of 3rd period - Wrist shot by Drayson Bowman.
1:24 of 3rd period - Shot Blocked by Dustin Jeffrey.
1:26 of 3rd period - Snap shot by Maxime Macenauer.
1:26 of 3rd period - Stopped by Darcy Kuemper with a rebound.
1:28 of 3rd period - Snap shot by Jonathan Tremblay.
1:28 of 3rd period - Shot Misses the Net.
1:30 of 3rd period - Slapshot by Jonathan Tremblay.
1:30 of 3rd period - Stopped by Darcy Kuemper with a rebound.
1:32 of 3rd period - Snap shot by Maxime Macenauer.
1:32 of 3rd period - Stopped by Darcy Kuemper with a rebound.
1:34 of 3rd period - Slapshot by Drayson Bowman.
1:34 of 3rd period - Shot Blocked by Emerson Etem.
1:36 of 3rd period - Slapshot by Thomas Hickey.
1:36 of 3rd period - Deflect By Drayson Bowman.
1:36 of 3rd period - Shot Misses the Net.
1:36 of 3rd period - Puck is out of play.
1:37 of 3rd period - Petri Kontiola wins face-off versus Nick Bonino in Harfangs zone.
1:42 of 3rd period - Snap shot by Stefan Ruzicka.
1:42 of 3rd period - Goal by Stefan Ruzicka - Harfangs : 3 - Wiprows : 5.
1:43 of 3rd period - Petri Kontiola wins face-off versus T.J. Oshie in neutral zone.
2:55 of 3rd period - Slapshot by Brandon Pirri.
2:55 of 3rd period - Shot Misses the Net.
2:57 of 3rd period - Slapshot by Andrew Orpik.
2:57 of 3rd period - Stopped by Anders Lindback with a rebound.
3:15 of 3rd period - Slapshot by Chris Kreider.
3:15 of 3rd period - Stopped by Anders Lindback with a rebound.
3:17 of 3rd period - Snap shot by Petri Kontiola.
3:17 of 3rd period - Shot Misses the Net.
3:26 of 3rd period - Off-side.
3:27 of 3rd period - Nick Bonino wins face-off versus Tomas Tatar in neutral zone.
3:40 of 3rd period - Wrist shot by Tim Conboy.
3:40 of 3rd period - Shot Misses the Net.
4:51 of 3rd period - Snap shot by Matt Beleskey.
4:51 of 3rd period - Deflect By Tim Schaller.
4:51 of 3rd period - Shot Misses the Net.
4:51 of 3rd period - Puck is out of play.
4:52 of 3rd period - Tim Schaller wins face-off versus Brock Nelson in Harfangs zone.
4:53 of 3rd period - Slapshot by Matt Donovan.
4:53 of 3rd period - Shot Misses the Net.
5:03 of 3rd period - Wrist shot by Kyle Palmieri.
5:03 of 3rd period - Shot Blocked by Gord Baldwin.
5:05 of 3rd period - Slapshot by Kyle Palmieri.
5:05 of 3rd period - Stopped by Anders Lindback with a rebound.
5:07 of 3rd period - Slapshot by Dylan Olsen.
5:07 of 3rd period - Stopped by Anders Lindback with a rebound.
5:13 of 3rd period - Minor Penalty to Tim Schaller for Roughing.
5:14 of 3rd period - Éric Belanger wins face-off versus Petri Kontiola in Wiprows zone.
7:13 of 3rd period - Penalty to Tim Schaller is over, Tim Schaller is back on ice.
7:22 of 3rd period - Maxime Macenauer is hit by Peter Olvecky and loses puck.
7:40 of 3rd period - Emerson Etem is hit by Matt Bartkowski.
8:30 of 3rd period - Dylan Olsen is hit by Brandon Bollig and loses puck.
8:49 of 3rd period - Slapshot by Matt Beleskey.
8:49 of 3rd period - Stopped by Darcy Kuemper with a rebound.
9:23 of 3rd period - Wrist shot by T.J. Oshie.
9:23 of 3rd period - Stopped by Darcy Kuemper with a rebound.
9:55 of 3rd period - Mike Hoffman is hit by Oliver Lauridsen and loses puck.
10:12 of 3rd period - Drayson Bowman is hit by Chris Kreider and loses puck.
10:27 of 3rd period - Brian Lashoff is hit by T.J. Oshie.
10:45 of 3rd period - Off-side.
10:46 of 3rd period - Nick Bonino wins face-off versus Calle Jarnkrok in neutral zone.
10:51 of 3rd period - Backhand shot by Tim Conboy.
10:51 of 3rd period - Shot Misses the Net.
10:53 of 3rd period - Slapshot by Matt Donovan.
10:53 of 3rd period - Stopped by Darcy Kuemper with a rebound.
10:55 of 3rd period - Slapshot by Matt Donovan.
10:55 of 3rd period - Deflect By Peter Olvecky.
10:55 of 3rd period - Stopped by Darcy Kuemper with a rebound.
10:57 of 3rd period - Snap shot by Tim Conboy.
10:57 of 3rd period - Stopped by Darcy Kuemper with a rebound.
10:59 of 3rd period - Snap shot by Matt Donovan.
10:59 of 3rd period - Stopped by Darcy Kuemper with a rebound.
11:01 of 3rd period - Snap shot by Brandon Bollig.
11:01 of 3rd period - Stopped by Darcy Kuemper without a rebound.
11:02 of 3rd period - Éric Belanger wins face-off versus Petri Kontiola in Harfangs zone.
11:17 of 3rd period - Arturs Kulda is hit by Dylan Olsen.
11:57 of 3rd period - Snap shot by Calle Jarnkrok.
11:57 of 3rd period - Shot Misses the Net.
12:03 of 3rd period - Minor Penalty to Drayson Bowman for Tripping.
12:04 of 3rd period - Brock Nelson wins face-off versus Éric Belanger in Wiprows zone.
12:07 of 3rd period - Snap shot by Kyle Palmieri.
12:07 of 3rd period - Goal by Kyle Palmieri - Harfangs : 4 - Wiprows : 5.
12:08 of 3rd period - Éric Belanger wins face-off versus Petri Kontiola in neutral zone.
12:34 of 3rd period - Brandon Bollig is hit by Brock Nelson and loses puck.
12:40 of 3rd period - Off-side.
12:41 of 3rd period - Brock Nelson wins face-off versus Nick Bonino in neutral zone.
12:48 of 3rd period - Wrist shot by Tomas Tatar.
12:48 of 3rd period - Stopped by Anders Lindback without a rebound.
12:49 of 3rd period - Brock Nelson wins face-off versus Nick Bonino in Wiprows zone.
12:50 of 3rd period - Wrist shot by Kyle Palmieri.
12:50 of 3rd period - Shot Misses the Net.
12:52 of 3rd period - Snap shot by Kyle Palmieri.
12:52 of 3rd period - Shot Misses the Net.
12:54 of 3rd period - Slapshot by Reid McNeill.
12:54 of 3rd period - Shot Blocked by Tim Conboy.
12:58 of 3rd period - Snap shot by Brock Nelson.
12:58 of 3rd period - Goal by Brock Nelson - Harfangs : 5 - Wiprows : 5.
12:59 of 3rd period - Petri Kontiola wins face-off versus Éric Belanger in neutral zone.
13:20 of 3rd period - Minor Penalty to Stefan Ruzicka for Roughing.
13:21 of 3rd period - Éric Belanger wins face-off versus Brock Nelson in Harfangs zone.
13:31 of 3rd period - Minor Penalty to Arturs Kulda for Holding.
13:32 of 3rd period - Éric Belanger wins face-off versus Petri Kontiola in Wiprows zone.
13:38 of 3rd period - Snap shot by Éric Belanger.
13:38 of 3rd period - Shot Misses the Net.
13:40 of 3rd period - Wrist shot by Thomas Hickey.
13:40 of 3rd period - Shot Blocked by Chris Kreider.
13:42 of 3rd period - Backhand shot by Oliver Lauridsen.
13:42 of 3rd period - Shot Blocked by Victor Bartley.
13:58 of 3rd period - Éric Belanger is hit by Brock Nelson and loses puck.
14:03 of 3rd period - Snap shot by Mike Hoffman.
14:03 of 3rd period - Shot Misses the Net.
14:05 of 3rd period - Slapshot by Andrew Orpik.
14:05 of 3rd period - Stopped by Anders Lindback with a rebound.
14:07 of 3rd period - Snap shot by Mike Hoffman.
14:07 of 3rd period - Deflect By Brock Nelson.
14:07 of 3rd period - Stopped by Anders Lindback with a rebound.
14:09 of 3rd period - Snap shot by Brock Nelson.
14:09 of 3rd period - Shot Misses the Net.
14:35 of 3rd period - Wrist shot by Drayson Bowman.
14:35 of 3rd period - Stopped by Darcy Kuemper with a rebound.
14:49 of 3rd period - Brock Nelson is hit by Tim Conboy and loses puck.
15:14 of 3rd period - Drayson Bowman is hit by Petri Kontiola.
15:20 of 3rd period - Penalty to Stefan Ruzicka is over, Stefan Ruzicka is back on ice.
15:20 of 3rd period - Victor Bartley is hit by Thomas Hickey and loses puck.
15:31 of 3rd period - Penalty to Arturs Kulda is over, Arturs Kulda is back on ice.
16:57 of 3rd period - Mike Hoffman is hit by Éric Belanger and loses puck.
17:10 of 3rd period - Peter Olvecky is hit by Cade Fairchild and loses puck.
17:23 of 3rd period - Emerson Etem is hit by Oliver Lauridsen and loses puck.
17:24 of 3rd period - Emerson Etem from Harfangs is injured at 17:24 of 3rd period (Head).
17:25 of 3rd period - Jonathan Tremblay wins face-off versus Petri Kontiola in Harfangs zone.
17:36 of 3rd period - Wrist shot by Maxime Macenauer.
17:36 of 3rd period - Shot Blocked by Dylan Olsen.
17:38 of 3rd period - Slapshot by Drayson Bowman.
17:38 of 3rd period - Stopped by Darcy Kuemper with a rebound.
17:40 of 3rd period - Slapshot by Thomas Hickey.
17:40 of 3rd period - Shot Blocked by Chris Kreider.
17:47 of 3rd period - Icing by James Wisniewski.
17:48 of 3rd period - Éric Belanger wins face-off versus Brock Nelson in Harfangs zone.
17:49 of 3rd period - Wrist shot by T.J. Oshie.
17:49 of 3rd period - Stopped by Darcy Kuemper with a rebound.
17:55 of 3rd period - Kyle Palmieri is hit by T.J. Oshie and loses puck.
18:43 of 3rd period - Slapshot by Mike Hoffman.
18:43 of 3rd period - Stopped by Anders Lindback without a rebound.
18:44 of 3rd period - Éric Belanger wins face-off versus Calle Jarnkrok in Wiprows zone.
18:49 of 3rd period - Snap shot by Kristian Huselius.
18:49 of 3rd period - Shot Misses the Net.
18:55 of 3rd period - Slapshot by James Wisniewski.
18:55 of 3rd period - Stopped by Anders Lindback with a rebound.
18:57 of 3rd period - Backhand shot by James Wisniewski.
18:57 of 3rd period - Deflect By Mike Hoffman.
18:57 of 3rd period - Shot Misses the Net.
18:57 of 3rd period - Puck is out of play.
18:58 of 3rd period - Stefan Ruzicka wins face-off versus Maxime Macenauer in Wiprows zone.
18:59 of 3rd period - Backhand shot by Chris Kreider.
18:59 of 3rd period - Shot Blocked by Maxime Macenauer.
19:01 of 3rd period - Slapshot by James Wisniewski.
19:01 of 3rd period - Shot Blocked by Arturs Kulda.
19:03 of 3rd period - Slapshot by Stefan Ruzicka.
19:03 of 3rd period - Shot Misses the Net.
19:05 of 3rd period - Snap shot by Stefan Ruzicka.
19:05 of 3rd period - Stopped by Anders Lindback with a rebound.
19:07 of 3rd period - Slapshot by Stefan Ruzicka.
19:07 of 3rd period - Deflect By Petri Kontiola.
19:07 of 3rd period - Shot Blocked by Arturs Kulda.
19:07 of 3rd period - Puck is out of play.
19:08 of 3rd period - Petri Kontiola wins face-off versus Maxime Macenauer in Wiprows zone.
19:09 of 3rd period - Wrist shot by Stefan Ruzicka.
19:09 of 3rd period - Deflect By Thomas Hickey.
19:09 of 3rd period - Stopped by Anders Lindback without a rebound.
19:10 of 3rd period - Drayson Bowman wins face-off versus Brock Nelson in Wiprows zone.
19:17 of 3rd period - Snap shot by Jonathan Tremblay.
19:17 of 3rd period - Shot Misses the Net.
Goals for this period are 3 for Harfangs vs 0 for Wiprows.
Shots for this period are 14 for Harfangs vs 13 for Wiprows.
Overtime #1
0:01 of 1st overtime period - Brock Nelson wins face-off versus Éric Belanger in neutral zone.
0:27 of 1st overtime period - Éric Belanger is hit by Chris Kreider and loses puck.
0:34 of 1st overtime period - Andrew Orpik is hit by Gord Baldwin and loses puck.
0:52 of 1st overtime period - Chris Kreider is hit by Matt Donovan and loses puck.
0:56 of 1st overtime period - Icing by Chris Kreider.
0:57 of 1st overtime period - Petri Kontiola wins face-off versus Kristian Huselius in Harfangs zone.
1:10 of 1st overtime period - Arturs Kulda is hit by Chris Kreider and loses puck.
1:46 of 1st overtime period - Gord Baldwin is hit by Andrew Orpik and loses puck.
1:55 of 1st overtime period - Wrist shot by Chris Kreider.
1:55 of 1st overtime period - Goal by Chris Kreider - Harfangs : 6 - Wiprows : 5.
Goals for this period are 1 for Harfangs vs 0 for Wiprows.
Shots for this period are 1 for Harfangs vs 0 for Wiprows.
Output by the SimonT Hockey Simulator (STHS) for François Prévost -- Original Page W3C XHTML 1.0 Valid